MLB
MIAMI MARLINS @ NEW YORK YANKEES
05/19/2044
 
TOP OF THE 1ST
Miami Marlins batting - Pitching for New York Yankees : LHP Francisco Rivas
Pitching: LHP Francisco Rivas
Batting: RHB Roger Salazar 0-0: Ball
1-0: Foul Ball, location: 2F
1-1: Fly out, F8 (Flyball, 8RS, EV 84.4 MPH)
Batting: RHB Micah Christopher 0-0: Ball
1-0: Swinging Strike
1-1: Ball
2-1: Swinging Strike
2-2: Strikes out swinging
Batting: LHB Andre Gorter 0-0: Ball
1-0: Swinging Strike
1-1: Ground out 5-3 (Groundball, 56, EV 102.5 MPH)
Top of the 1st over - 0 runs, 0 hits, 0 errors, 0 left on base; Miami 0 - New York 0
BOTTOM OF THE 1ST
New York Yankees batting - Pitching for Miami Marlins : RHP Matt Altieri
Pitching: RHP Matt Altieri
Batting: RHB C.J. Richerson 0-0: Ball
1-0: Ball
2-0: Fly out, F9 (Flyball, 89XD, EV 86.2 MPH)
Batting: LHB Jason Peck 0-0: Ball
1-0: Called Strike
1-1: Ball
2-1: Ball
3-1: Fly out, F4 (Flyball, 4D, EV 91.2 MPH)
Batting: SHB Bartholomeu Chambino 0-0: Called Strike
0-1: Foul Ball, location: 2F
0-2: Foul Ball, location: 2F
0-2: Ball
1-2: Ball
2-2: Foul Ball, location: 2F
2-2: SINGLE (Flyball, 5D, EV 95.0 MPH)
Batting: LHB Evan Torraville 0-0: Called Strike
0-1: Ball
1-1: Called Strike
Bartholomeu Chambino steals 2nd base (no throw)
1-2: Ball
2-2: Foul Ball, location: 2F
2-2: Ball
3-2: Strikes out swinging
Bottom of the 1st over - 0 runs, 1 hit, 0 errors, 1 left on base; Miami 0 - New York 0
TOP OF THE 2ND
Miami Marlins batting - Pitching for New York Yankees : LHP Francisco Rivas
Batting: RHB Jimmy Groseclose 0-0: Ball
1-0: Foul Ball, location: 2F
1-1: Swinging Strike
1-2: Ball
2-2: Ball
3-2: Foul Ball, location: 2F
3-2: Base on Balls
Batting: RHB Jeff Garofalo 0-0: Ball
1-0: Ball
2-0: Ball
3-0: Foul Ball, location: 2F
3-1: Called Strike
3-2: Foul Ball, location: 2F
3-2: Base on Balls
Jimmy Groseclose to second
Batting: RHB Justin Huff 0-0: Ball
1-0: Called Strike
1-1: Ball
2-1: Ball
3-1: Called Strike
3-2: Foul Ball, location: 2F
3-2: SINGLE (Groundball, 4MD, EV 96.2 MPH)
Jimmy Groseclose to third
Jeff Garofalo to second
Runner from 3rd tries for Home, SAFE, throw by CF to home
Batting: RHB Seth Tramontano 0-0: Ball
1-0: Foul Ball, location: 2F
1-1: Ball
2-1: Foul Ball, location: 2F
2-2: Ball
3-2: Base on Balls
Jeff Garofalo to third
Justin Huff to second
Batting: RHB Josh Crenwelge 0-0: Called Strike
0-1: Swinging Strike
0-2: Strikes out swinging
Batting: RHB Eric Jordan 0-0: Foul Ball, location: 2F
0-1: Foul Ball, location: 2F
0-2: Ball
1-2: Ball
2-2: Foul Ball, location: 2F
2-2: Strikes out swinging
Batting: RHB Roger Salazar 0-0: Called Strike
0-1: Swinging Strike
0-2: Foul Ball, location: 2F
0-2: Ball
1-2: Foul Ball, location: 2F
1-2: Foul Ball, location: 2F
1-2: Strikes out looking
Top of the 2nd over - 1 run, 1 hit, 0 errors, 3 left on base; Miami 1 - New York 0
BOTTOM OF THE 2ND
New York Yankees batting - Pitching for Miami Marlins : RHP Matt Altieri
Batting: LHB David Bramble 0-0: Called Strike
0-1: Foul Ball, location: 2F
0-2: Hit by Pitch
Batting: LHB Jordan de Jesus 0-0: SINGLE (Line Drive, 9S, EV 92.5 MPH)
David Bramble to second
Runner from 2nd tries for 3rd, SAFE, throw by RF made to third
Batting: RHB Geni Prawiranega 0-0: Ball
1-0: SINGLE (Line Drive, 56, EV 98.1 MPH)
David Bramble scores
Jordan de Jesus to second
Batting: LHB Yao-pang Tien 0-0: Ball
1-0: SINGLE (Flyball, 3D, EV 91.9 MPH)
Jordan de Jesus to third
Geni Prawiranega to second
Batting: RHB Sam Saunders 0-0: Ball
1-0: Ball
2-0: Called Strike
2-1: Ball
3-1: Grounds into double play, 4-6-3 (Groundball, 4, EV 87.5 MPH)
Jordan de Jesus scores
Geni Prawiranega to third
Batting: RHB C.J. Richerson 0-0: Ground out 5-3 (Groundball, 56S, EV 89.4 MPH)
Bottom of the 2nd over - 2 runs, 3 hits, 0 errors, 1 left on base; Miami 1 - New York 2
TOP OF THE 3RD
Miami Marlins batting - Pitching for New York Yankees : LHP Francisco Rivas
Batting: RHB Micah Christopher 0-0: Called Strike
0-1: Swinging Strike
0-2: Ground out 3-1 (Groundball, 34, EV 89.4 MPH)
Batting: LHB Andre Gorter 0-0: Ball
1-0: Ball
2-0: Ball
3-0: Base on Balls
Batting: RHB Jimmy Groseclose 0-0: Ball
1-0: SINGLE (Line Drive, 3D, EV 95.6 MPH)
Andre Gorter to second
Batting: RHB Jeff Garofalo 0-0: Called Strike
0-1: Called Strike
0-2: Ball
1-2: Fly out, F5 (Popup, 56S, EV 70.0 MPH)
Batting: RHB Justin Huff 0-0: Swinging Strike
0-1: Fly out, F4 (Popup, 3DF, EV 67.5 MPH)
Top of the 3rd over - 0 runs, 1 hit, 0 errors, 2 left on base; Miami 1 - New York 2
BOTTOM OF THE 3RD
New York Yankees batting - Pitching for Miami Marlins : RHP Matt Altieri
Batting: LHB Jason Peck 0-0: Ball
1-0: Ball
2-0: Called Strike
2-1: Ball
3-1: Fly out, F7 (Flyball, 78XD, EV 90.0 MPH)
Batting: SHB Bartholomeu Chambino 0-0: Foul Ball, location: 2F
0-1: Ball
1-1: Ball
2-1: SOLO HOME RUN (Flyball, 7D, EV 97.5 MPH), Distance : 379 ft
Batting: LHB Evan Torraville 0-0: Fly out, F9 (Flyball, 9D, EV 100.0 MPH)
Batting: LHB David Bramble 0-0: Ball
1-0: Foul Ball, location: 2F
1-1: Called Strike
1-2: Foul Ball, location: 2F
1-2: SOLO HOME RUN (Flyball, 89XD, EV 98.8 MPH), Distance : 410 ft
Batting: LHB Jordan de Jesus 0-0: Ball
1-0: Ground out U3 (Groundball, 23, EV 88.8 MPH)
Bottom of the 3rd over - 2 runs, 2 hits, 0 errors, 0 left on base; Miami 1 - New York 4
TOP OF THE 4TH
Miami Marlins batting - Pitching for New York Yankees : LHP Francisco Rivas
Batting: RHB Seth Tramontano 0-0: Fly out, F7 (Flyball, 7, EV 90.0 MPH)
Batting: RHB Josh Crenwelge 0-0: Called Strike
0-1: Ball
1-1: Swinging Strike
1-2: Ball
2-2: SINGLE (Groundball, 4M, EV 101.2 MPH) (infield hit)
Batting: RHB Eric Jordan 0-0: Foul Ball, location: 2F
0-1: Ball
1-1: Ball
2-1: SINGLE (Groundball, 34, EV 99.4 MPH)
Josh Crenwelge to second
Runner from 2nd tries for 3rd, SAFE, throw by RF made to third
Eric Jordan to second
Batting: RHB Roger Salazar 0-0: Ground out U3 (Groundball, 34, EV 80.6 MPH)
Josh Crenwelge scores
Eric Jordan to third
Batting: RHB Micah Christopher 0-0: Ball
Wild Pitch!
Eric Jordan scores
1-0: DOUBLE (Line Drive, 78M, EV 91.2 MPH)
Batting: LHB Andre Gorter 0-0: Ball
1-0: Foul Ball, location: 2F
1-1: Foul Ball, location: 2F
1-2: SINGLE (Line Drive, 89S, EV 93.8 MPH)
Micah Christopher to third
Runner from 3rd tries for Home, SAFE, throw by RF to home
Andre Gorter to second
Batting: RHB Jimmy Groseclose 0-0: Ball
1-0: Foul Ball, location: 2F
1-1: Ball
2-1: Foul Ball, location: 2F
2-2: 2-RUN HOME RUN (Line Drive, 7D, EV 96.2 MPH), Distance : 381 ft
Pitching: RHP Kyle Johnson
Batting: RHB Jeff Garofalo 0-0: Fly out, F6 (Popup, P, EV 69.4 MPH)
Top of the 4th over - 5 runs, 5 hits, 0 errors, 0 left on base; Miami 6 - New York 4
BOTTOM OF THE 4TH
New York Yankees batting - Pitching for Miami Marlins : RHP Matt Altieri
Batting: RHB Geni Prawiranega 0-0: Called Strike
0-1: Fly out, F8 (Flyball, 78M, EV 99.4 MPH)
Batting: LHB Yao-pang Tien 0-0: Ball
1-0: Ball
2-0: Foul Ball, location: 2F
2-1: Ground out 5-3 (Groundball, 56S, EV 62.5 MPH)
Batting: RHB Sam Saunders 0-0: SINGLE (Flyball, 6D, EV 93.1 MPH)
Batting: RHB C.J. Richerson 0-0: Ball
1-0: Fly out, F9 (Flyball, 9, EV 86.2 MPH)
Bottom of the 4th over - 0 runs, 1 hit, 0 errors, 1 left on base; Miami 6 - New York 4
TOP OF THE 5TH
Miami Marlins batting - Pitching for New York Yankees : RHP Kyle Johnson
Batting: RHB Justin Huff 0-0: Called Strike
0-1: Foul Ball, location: 2F
0-2: Ball
1-2: Foul Ball, location: 2F
1-2: Foul Ball, location: 2F
1-2: Strikes out swinging
Batting: RHB Seth Tramontano 0-0: Called Strike
0-1: Called Strike
0-2: Ball
1-2: Ball
2-2: Fly out, F9 (Flyball, 89XD, EV 90.6 MPH)
Batting: RHB Josh Crenwelge 0-0: Called Strike
0-1: Foul Ball, location: 2F
0-2: Strikes out swinging
Top of the 5th over - 0 runs, 0 hits, 0 errors, 0 left on base; Miami 6 - New York 4
BOTTOM OF THE 5TH
New York Yankees batting - Pitching for Miami Marlins : RHP Matt Altieri
Batting: LHB Jason Peck 0-0: Called Strike
0-1: Ground out 4-3 (Groundball, 34D, EV 90.0 MPH)
Batting: SHB Bartholomeu Chambino 0-0: Ball
1-0: Called Strike
1-1: Ball
2-1: Ground out 6-3 (Groundball, 6, EV 108.1 MPH)
Batting: LHB Evan Torraville 0-0: Ball
1-0: Ball
2-0: Called Strike
2-1: Called Strike
2-2: Foul Ball, location: 2F
2-2: Foul Ball, location: 2F
2-2: TRIPLE (Flyball, 7D, EV 91.9 MPH)
Batting: LHB David Bramble 0-0: Fly out, F8 (Flyball, 8LXD, EV 82.5 MPH)
Bottom of the 5th over - 0 runs, 1 hit, 0 errors, 1 left on base; Miami 6 - New York 4
TOP OF THE 6TH
Miami Marlins batting - Pitching for New York Yankees : RHP Kyle Johnson
Batting: RHB Eric Jordan 0-0: Ball
1-0: Ground out 5-3 (Groundball, 5S, EV 85.6 MPH)
Batting: RHB Roger Salazar 0-0: Called Strike
0-1: Swinging Strike
0-2: SINGLE (Groundball, 34S, EV 71.2 MPH) (infield hit)
Batting: RHB Micah Christopher 0-0: Ball
1-0: Foul Ball, location: 2F
1-1: Fly out, F8 (Flyball, 78XD, EV 92.5 MPH)
Runner from 1st tags up, SAFE at 2nd
Batting: LHB Andre Gorter 0-0: Intentional Walk
Batting: RHB Jimmy Groseclose 0-0: Called Strike
0-1: Foul Ball, location: 2F
0-2: Ball
1-2: Fly out, F7 (Flyball, 7D, EV 95.0 MPH)
Top of the 6th over - 0 runs, 1 hit, 0 errors, 2 left on base; Miami 6 - New York 4
BOTTOM OF THE 6TH
New York Yankees batting - Pitching for Miami Marlins : RHP Matt Altieri
Batting: LHB Jordan de Jesus 0-0: Ball
1-0: Ball
2-0: Swinging Strike
2-1: Foul Ball, location: 2F
2-2: Ball
3-2: Foul Ball, location: 2F
3-2: Foul Ball, location: 2F
3-2: SINGLE (Flyball, 9LS, EV 86.9 MPH)
Batting: RHB Geni Prawiranega 0-0: Ball
1-0: Called Strike
Jordan de Jesus steals 2nd base
1-1: Swinging Strike
1-2: Ball
2-2: Ball
3-2: Foul Ball, location: 2F
3-2: Ground out 5-3 (Groundball, 5, EV 93.1 MPH)
Batting: LHB Yao-pang Tien 0-0: Ball
1-0: Ground out 4-3 (Groundball, 4, EV 86.9 MPH)
Jordan de Jesus to third
Batting: RHB Sam Saunders 0-0: Ball
1-0: Called Strike
1-1: Ball
2-1: DOUBLE (Flyball, 8LXD, EV 114.4 MPH)
Jordan de Jesus scores
Pitching: RHP Brian Glover
Batting: RHB C.J. Richerson 0-0: Ball
1-0: Ball
2-0: Swinging Strike
2-1: SINGLE (Groundball, 6MS, EV 69.4 MPH) (infield hit)
Sam Saunders to third
Batting: LHB Jason Peck 0-0: Ball
1-0: 3-RUN HOME RUN (Flyball, 89XD, EV 100.0 MPH), Distance : 390 ft
Batting: SHB Bartholomeu Chambino 0-0: Ball
1-0: Ball
2-0: Ball
3-0: Base on Balls
Batting: LHB Evan Torraville 0-0: Ball
Bartholomeu Chambino is caught stealing 2nd base 2-6
Bottom of the 6th over - 4 runs, 4 hits, 0 errors, 0 left on base; Miami 6 - New York 8
TOP OF THE 7TH
Miami Marlins batting - Pitching for New York Yankees : RHP Kyle Johnson
Pitching: RHP Jose Tavira
Batting: RHB Jeff Garofalo 0-0: Ball
1-0: Ball
2-0: Called Strike
2-1: Foul Ball, location: 2F
2-2: Foul Ball, location: 2F
2-2: Strikes out looking
Batting: RHB Justin Huff 0-0: Swinging Strike
0-1: Ball
1-1: Ball
2-1: Ball
3-1: Foul Ball, location: 2F
3-2: Ground out 5-3 (Groundball, 56, EV 89.4 MPH)
Batting: RHB Seth Tramontano 0-0: Ball
1-0: Ground out 1-3 (Groundball, 34S, EV 77.5 MPH)
Top of the 7th over - 0 runs, 0 hits, 0 errors, 0 left on base; Miami 6 - New York 8
BOTTOM OF THE 7TH
New York Yankees batting - Pitching for Miami Marlins : RHP Brian Glover
Batting: LHB Evan Torraville 0-0: Called Strike
0-1: Ball
1-1: Called Strike
1-2: SINGLE (Groundball, 34D, EV 103.8 MPH)
Batting: LHB David Bramble 0-0: Called Strike
0-1: Called Strike
0-2: Ball
1-2: Strikes out swinging
Batting: LHB Jordan de Jesus 0-0: Ball
1-0: Called Strike
Evan Torraville steals 2nd base (no throw)
1-1: Intentional Walk
Batting: RHB Geni Prawiranega 0-0: Ball
1-0: Called Strike
Evan Torraville steals 3rd base (no throw)
Jordan de Jesus to second
1-1: Swinging Strike
1-2: Foul Ball, location: 2F
1-2: Ball
2-2: SINGLE (Groundball, 56D, EV 97.5 MPH)
Evan Torraville scores
Jordan de Jesus to third
Runner from 3rd tries for Home, SAFE, throw by LF to home
Pitching: LHP Mark Palomo
Batting: LHB Yao-pang Tien 0-0: Ball
1-0: Fly out, F9 (Flyball, 9D, EV 80.6 MPH)
Batting: RHB Sam Saunders 0-0: Ball
1-0: Ball
2-0: Swinging Strike
2-1: Foul Ball, location: 2F
2-2: Foul Ball, location: 2F
2-2: Ball
3-2: Ground out 4-3 (Groundball, 34, EV 82.5 MPH)
Bottom of the 7th over - 2 runs, 2 hits, 0 errors, 1 left on base; Miami 6 - New York 10
TOP OF THE 8TH
Miami Marlins batting - Pitching for New York Yankees : RHP Jose Tavira
Pitching: RHP Dave Barry
Batting: RHB Josh Crenwelge 0-0: Swinging Strike
0-1: Called Strike
0-2: Ball
1-2: Ball
2-2: Ball
3-2: Fly out, F7 (Flyball, 78M, EV 90.6 MPH)
Batting: RHB Eric Jordan 0-0: Foul Ball, location: 2F
0-1: DOUBLE (Line Drive, 78D, EV 103.1 MPH)
DELAY Rain delay of 48 minutes in the 8th inning.
Batting: RHB Roger Salazar 0-0: Foul Ball, location: 2F
0-1: Ground out 6-3 (Groundball, 6, EV 85.6 MPH)
Batting: RHB Micah Christopher 0-0: Ball
1-0: Foul Ball, location: 2F
1-1: Foul Ball, location: 2F
1-2: Strikes out looking
Top of the 8th over - 0 runs, 1 hit, 0 errors, 1 left on base; Miami 6 - New York 10
BOTTOM OF THE 8TH
New York Yankees batting - Pitching for Miami Marlins : LHP Mark Palomo
Pitching: RHP Jose Ramirez
Batting: RHB C.J. Richerson 0-0: Foul Ball, location: 2F
0-1: Called Strike
0-2: Fly out, F5 (Line Drive, 5, EV 76.2 MPH)
Batting: LHB Jason Peck 0-0: Ball
1-0: Ball
2-0: SOLO HOME RUN (Flyball, 9LD, EV 90.6 MPH), Distance : 329 ft
Batting: SHB Bartholomeu Chambino 0-0: Foul Ball, location: 2F
0-1: Ball
1-1: Foul Ball, location: 2F
1-2: Ball
2-2: Strikes out looking
Batting: LHB Evan Torraville 0-0: Called Strike
0-1: Foul Ball, location: 2F
0-2: Ball
1-2: Ball
2-2: Strikes out swinging
Bottom of the 8th over - 1 run, 1 hit, 0 errors, 0 left on base; Miami 6 - New York 11
TOP OF THE 9TH
Miami Marlins batting - Pitching for New York Yankees : RHP Dave Barry
Batting: LHB Andre Gorter 0-0: Ball
1-0: Called Strike
1-1: Swinging Strike
1-2: Ball
2-2: Foul Ball, location: 2F
2-2: Ball
3-2: Foul Ball, location: 2F
3-2: Base on Balls
Batting: RHB Jimmy Groseclose 0-0: Ball
1-0: Swinging Strike
1-1: Called Strike
1-2: Strikes out swinging
Pitching: RHP Martin Goyer
Batting: RHB Jeff Garofalo 0-0: Called Strike
0-1: Swinging Strike
0-2: Strikes out swinging
Batting: RHB Justin Huff 0-0: Foul Ball, location: 2F
0-1: Ball
1-1: Foul Ball, location: 2F
1-2: Strikes out swinging
Top of the 9th over - 0 runs, 0 hits, 0 errors, 1 left on base; Miami 6 - New York 11
Thursday, March 31st , 2022 - OOTP Baseball 22.12 Build 89